 Dungeon Sprint DCSS version 0.26-a0-649-gf8c6c3aab7 (webtiles) character file.

Game seed: 8745606140169947503

6845 sahdkjhfkaj the Nimble (level 10, -3/107 HPs)
             Began as a Troll Monk on Sept 27, 2020.
             Was an Initiate of Gozag.
             Slain by an elephant (16 damage)
             ... in the Dungeon (Sprint IX: "|||||||||||||||||||||||||||||").
             The game lasted 00:04:41 (912 turns).

sahdkjhfkaj the Nimble (Troll Monk)                  Turns: 912, Time: 00:04:42

Health: -3/107     AC: 10    Str: 24    XL:     10   Next: 78%
Magic:  9/9        EV: 17    Int:  6    God:    Gozag
Gold:   2195       SH:  0    Dex: 12    Spells: 9/9 levels left

rFire    . . .     SeeInvis .     - Unarmed
rCold    . . .     Faith    .   (no shield)
rNeg     . . .     Spirit   .   a - +0 robe
rPois    .         Reflect  .   (helmet restricted)
rElec    .         Harm     .   (no cloak)
rCorr    .         Rampage  .   (gloves unavailable)
MR       .....     NoTele   +   (boots unavailable)
Stlth    ++........             (no amulet)
HPRegen  0.67/turn              k - +2 ring of protection
MPRegen  0.11/turn              l - +2 ring of protection

@: mighty, gold aura
A: large, unfitting armour, claws 3, regeneration 1, shaggy fur 1, tough skin 3
a: Potion Petition, Call Merchant, Bribe Branch, Renounce Religion


You were in the Dungeon.
You worshipped Gozag.
Gozag was most pleased with you.
You visited 1 branch You collected 2815 gold pieces.
You paid 620 gold pieces to Gozag.

Inventory:

Armour
 a - a +0 robe (worn)
Jewellery
 k - a +2 ring of protection (left claw)
 l - a +2 ring of protection (right claw)
Scrolls
 g - 2 scrolls of blinking
 h - 4 scrolls of remove curse
 i - 2 scrolls of amnesia
 o - 2 scrolls of enchant armour
 p - 2 scrolls of enchant weapon
 q - 2 scrolls of identify
 r - a scroll of fear
Potions
 b - 4 potions of curing
 c - 2 potions of heal wounds
 d - 2 potions of haste
 e - 4 potions of magic
 f - a potion of invisibility
 m - a potion of stabbing


   Skills:
 + Level 9.3 Fighting
 + Level 9.3 Armour
 + Level 13.2 Dodging
 - Level 1.0 Stealth
 + Level 10.4 Unarmed Combat
   Level 8.3 Evocations


You had 9 spell levels left.
You didn't know any spells.
Your spell library was empty.

Dungeon Overview and Level Annotations

Branches:
Dungeon (1/1)

Altars:
Cheibriados
Dithmenos
Elyvilon
Fedhas
Gozag
Hepliaklqana
Kikubaaqudgha
Makhleb
Nemelex Xobeh
Okawaru
Qazlal
Ru
Sif Muna
Trog
Uskayaw
Vehumet
Wu Jian
Xom
Yredelemnul
Zin
The Shining One
Beogh
Jiyva
Lugonu

Shops:
D =


Innate Abilities, Weirdness & Mutations

You are too large for most types of armour.
You have claws for hands.
Your natural rate of healing is unusually fast.
You are covered in fur. (AC +1)
You have extremely tough skin. (AC +3)


Message History

You feel much better. The dire elephant misses you.
The dire elephant trunk-slaps you!
You feel very mighty all of a sudden.
The dire elephant tramples you but does no damage.
The dire elephant trunk-slaps you.
You eviscerate the dire elephant!!!
The dire elephant is almost dead.
The dire elephant tramples you!!
* * * LOW HITPOINT WARNING * * *
You stumble backwards!
You mangle the dire elephant!!
You kill the dire elephant!
The elephant tramples you!
* * * LOW HITPOINT WARNING * * *
You stumble backwards!
You mangle the elephant!!
The elephant is almost dead.
The elephant tramples you!
You die...
Your body crumbles into a pile of gold. $$$$$$$$$$$$$ $$$$

▓▓▓▓▓▓▓▓▓▓▓▓▓▓▓▓▓▓▓▓▓▓▓▓▓▓▓▓▓▓▓▓▓
▓.......'.......@YY.Y∩'.........'
▓.▓▓▓▓▓▓▓▓▓▓▓▓▓▓▓▓▓▓▓▓▓▓▓▓▓▓▓▓▓▓▓
▓................................
▓▓▓▓▓▓▓▓▓▓▓▓▓▓▓▓▓▓▓▓▓▓▓▓▓▓▓▓▓▓▓▓▓
▓<...')....†)....'_______________
▓▓▓▓▓▓▓▓▓▓▓▓▓▓▓▓▓▓▓▓▓▓▓▓▓▓▓▓▓▓▓▓▓


You could see 3 elephants.

Vanquished Creatures
  A dire elephant (D)
  A hydra (D)
  A two-headed ogre (D)
  3 elephants (D)
  2 black mambas (D)
  2 rime drakes (D)
  A tengu conjurer (D)
  A blink frog (D)
  3 hippogriffs (D)
  A yak (D)
  A wraith (D)
  2 water moccasins (D)
  A porcupine (D)
  A sky beast (D)
  A black bear (D)
  A necrophage (D)
  An ogre (D)
  3 crocodiles (D)
  5 bullfrogs (D)
  A scorpion (D)
  An orc priest (D)
  A hound (D)
  An ufetubus (D)
  2 orcs (D)
  2 bats (D)
  A frilled lizard (D)
  A jackal skeleton (D)
  A kobold (D)
  A rat (D)
44 creatures vanquished.

Notes
Turn   | Place    | Note
-------+----------+-------------------------------------------
     0 | D        | sahdkjhfkaj the Troll Monk began the quest for the Orb.
     0 | D        | Reached XP level 1. HP: 22/22 MP: 0/0
    23 | D        | Noticed a necrophage
    23 | D        | Noticed a scorpion
    31 | D        | Killed a necrophage
    31 | D        | Reached skill level 5 in Unarmed Combat
    31 | D        | Reached skill level 5 in Fighting
    31 | D        | Reached XP level 2. HP: 35/35 MP: 1/1
    31 | D        | Reached XP level 3. HP: 42/42 MP: 2/2
    31 | D        | Reached XP level 4. HP: 50/50 MP: 3/3
    36 | D        | Reached XP level 5. HP: 59/59 MP: 4/4
    86 | D        | Found a roughly hewn altar of Beogh.
    86 | D        | Found a snail-covered altar of Cheibriados.
    86 | D        | Found a shadowy altar of Dithmenos.
    86 | D        | Found a white marble altar of Elyvilon.
    86 | D        | Found a blossoming altar of Fedhas.
    86 | D        | Found an opulent altar of Gozag.
    87 | D        | Found a hazy altar of Hepliaklqana.
    88 | D        | Found a viscous altar of Jiyva.
    89 | D        | Found an ancient bone altar of Kikubaaqudgha.
    90 | D        | Found a corrupted altar of Lugonu.
    91 | D        | Found a burning altar of Makhleb.
    92 | D        | Found a sparkling altar of Nemelex Xobeh.
    93 | D        | Found an iron altar of Okawaru.
    94 | D        | Found a stormy altar of Qazlal.
    95 | D        | Found a sacrificial altar of Ru.
    96 | D        | Found a shimmering blue altar of Sif Muna.
    97 | D        | Found a bloodstained altar of Trog.
   100 | D        | Found a hide-covered altar of Uskayaw.
   101 | D        | Found a radiant altar of Vehumet.
   102 | D        | Found an ornate altar of the Wu Jian Council.
   103 | D        | Found a shimmering altar of Xom.
   104 | D        | Found a basalt altar of Yredelemnul.
   105 | D        | Found a glowing silver altar of Zin.
   106 | D        | Found a glowing golden altar of the Shining One.
   122 | D        | Became a worshipper of Gozag Ym Sagoz the Greedy
   163 | D        | Noticed a black bear
   163 | D        | Noticed a sky beast
   163 | D        | Noticed a two-headed ogre
   165 | D        | Killed a black bear
   170 | D        | Reached skill level 10 in Unarmed Combat
   170 | D        | Reached XP level 6. HP: 46/71 MP: 5/5
   173 | D        | Killed a sky beast
   191 | D        | Reached skill level 3 in Dodging
   192 | D        | Killed a two-headed ogre
   192 | D        | Reached skill level 9 in Dodging
   192 | D        | Reached XP level 7. HP: 51/83 MP: 6/6
   192 | D        | Reached XP level 8. HP: 56/92 MP: 7/7
   273 | D        | Noticed a hippogriff
   273 | D        | Noticed a hippogriff
   273 | D        | Noticed a tengu conjurer
   278 | D        | Killed a hippogriff
   278 | D        | Reached skill level 10 in Dodging
   286 | D        | Killed a hippogriff
   286 | D        | Reached skill level 11 in Dodging
   294 | D        | Killed a tengu conjurer
   302 | D        | Reached skill level 12 in Dodging
   432 | D        | Noticed a rime drake
   432 | D        | Noticed a blink frog
   437 | D        | Noticed a four-headed hydra
   443 | D        | Noticed a hippogriff
   444 | D        | Killed a rime drake
   444 | D        | Reached skill level 13 in Dodging
   444 | D        | Reached XP level 9. HP: 65/98 MP: 8/8
   448 | D        | Reached skill level 1 in Armour
   450 | D        | Killed a four-headed hydra
   655 | D        | Noticed a black mamba
   657 | D        | Noticed a rime drake
   658 | D        | Noticed a black mamba
   670 | D        | Killed a black mamba
   670 | D        | Reached XP level 10. HP: 8/107 MP: 9/9
   670 | D        | HP: 5/107 [poisoned by a black mamba]
   695 | D        | Reached skill level 5 in Evocations
   701 | D        | Killed a black mamba
   802 | D        | Noticed an elephant
   802 | D        | Noticed an elephant
   802 | D        | Noticed an elephant
   802 | D        | Noticed an elephant
   802 | D        | Noticed an elephant
   802 | D        | Noticed a dire elephant
   811 | D        | Noticed an elephant
   812 | D        | Killed an elephant
   817 | D        | Killed an elephant
   825 | D        | Killed an elephant
   910 | D        | Killed a dire elephant
   912 | D        | Slain by an elephant

Illustrated notes

Levels and vault maps discovered:
D:        linesprint [early_d, line_temple, items_1, d_10, items_2, lair_1,
          lair_end, items_3, orc_1, orc_end, items_4, d_15, swamp_1, shoals_1,
          snake_1, spider_1, d_20, vaults_1, items_5, swamp_end, shoals_end,
          snake_end, spider_end, vaults_end, d_27, items_6, zot_1, zot_end,
          crypt_end, forest_end, elf_end, slime_end, tomb_end, abyss_end,
          pan_hell_end]

Skill      XL: |  1  2  3  4  5  6  7  8  9 10 |
---------------+-------------------------------+-----
Unarmed Combat | 7 8 10 | 10.4
Fighting       | 5 6 7 9 |  9.3
Dodging        | 9 13 | 13.2
Armour         | 9 |  9.3
Evocations     | 3 8 |  8.3
Stealth        | |  1.0

Action                   |  1- 3 |  4- 6 |  7- 9 | 10-12 || total
-------------------------+-------+-------+-------+-------++-------
Melee: Unarmed           |    20 |    20 |    57 |    58 ||   155
       Punch             |       |     1 |     1 |     4 ||     6
Invok: Call Merchant     |       |       |     1 |       ||     1
Evoke: Wand              |       |     3 |     5 |     2 ||    10
  Use: Potion            |     1 |       |       |     7 ||     8
 Stab: Sleeping          |     1 |       |       |       ||     1
       Distracted        |       |       |     2 |       ||     2
Armor: Robe              |     6 |     4 |     8 |     8 ||    26
Dodge: Dodged            |    11 |     3 |    37 |    37 ||    88

Table legend: (Time is in decaauts)
 A = Elapsed time spent in this place.
 B = Non-inter-level travel time spent in this place.
 C = Inter-level travel time spent in this place.
 D = Time resting spent in this place.
 E = Time spent auto-exploring this place.
 F = Levels seen in this place.
 G = Mean time per level.
                   A        B        C        D        E       F      G
               +--------+--------+--------+--------+--------+-----+--------+
         Total |    892 |    892 |      0 |    281 |    262 |   1 |  892.0 |
       Dungeon |    892 |    892 |      0 |    281 |    262 |   1 |  892.0 |
               +--------+--------+--------+--------+--------+-----+--------+

Top non-repeatable levels by time:
       D: 892 daAuts
